 Dungeon Crawl Stone Soup version 0.28-a0-1212-gc6b4282bc0 (webtiles) character file.

Game seed: 16851924701263876365

81 ChaosChampion the Skirmisher (level 4, -9/48 HPs)
             Began as an Ogre Warper on Dec 21, 2021.
             Mangled by Terence (12 damage)
             ... on level 2 of the Dungeon.
             The game lasted 00:01:33 (2410 turns).

ChaosChampion the Skirmisher (Ogre Warper)          Turns: 2410, Time: 00:01:33

Health: -9/48      AC:  3    Str: 17    XL:     4   Next: 42%
Magic:  8/8        EV:  9    Int: 14    God:
Gold:   136        SH:  0    Dex:  8    Spells: 7/9 levels left

rFire   . . .      SeeInvis .   a - +0 mace
rCold   . . .      Faith    .   (no shield)
rNeg    . . .      Spirit   .   b - +0 robe
rPois   .          Reflect  .   (helmet restricted)
rElec   .          Harm     .   (no cloak)
rCorr   .          Rampage  .   (gloves unavailable)
Will    .....                   (boots unavailable)
Stlth   +.........              (no amulet)
HPRegen 0.16/turn               (no ring)
MPRegen 0.11/turn               (no ring)

@: no status effects
A: large, unfitting armour, tough skin 1
a: no special abilities


You were on level 2 of the Dungeon.
You visited 1 branch of the dungeon, and saw 2 of its levels.

You collected 136 gold pieces.

Inventory:

Hand Weapons
 a - a +0 mace (weapon)
Armour
 b - a +0 robe (worn)
Jewellery
 g - a ring of protection from cold
Scrolls
 c - a scroll of blinking
 e - 4 scrolls of identify {unknown}
Potions
 f - a potion of heal wounds {unknown}
 h - a potion of curing {unknown}


   Skills:
 + Level 3.7 Fighting
 + Level 2.5 Maces & Flails
 - Level 1.0 Throwing
 - Level 2.1 Dodging
 + Level 3.2 Spellcasting
 + Level 3.3 Translocations


You had 7 spell levels left.
You knew the following spells:

 Your Spells              Type           Power      Damage    Failure   Level
z - Blink                 Tloc           22%        N/A       9%          2

Your spell library contained the following spells:

 Spells                   Type           Power      Damage    Failure   Level
 Gell's Gravitas          Tloc           11%        N/A       16%         3
 Lesser Beckoning         Tloc           11%        N/A       16%         3
 Teleport Other           Tloc           11%        N/A       16%         3
 Manifold Assault         Tloc           11%        N/A       83%         5


Dungeon Overview and Level Annotations

Branches:
Dungeon (2/15)

Altars:
Zin

Annotations:
D:2 1 runed translucent door, Crazy Yiuf, Terence


Innate Abilities, Weirdness & Mutations

You are too large for most types of armour.
You have tough skin. (AC +1)


Message History

You feel sick.
No target in view!
No target in view!
No target in view!
No target in view!
No target in view!
No target in view!
No target in view!
You feel sick.
You feel sick.
You feel sick.
You feel sick.
You are no longer poisoned.
Key pressed, stopping explore.
You see here 20 sling bullets.
Found an embroidered cloak.
Found a mace.
Found a runed translucent door.
Crazy Yiuf shouts!
Terence the Incautious comes into view.
He is wielding a +0 trident.
Terence shouts!
You hear an angry hiss.
Terence is nearby!
Terence is nearby!
Found a scroll labelled CESANI DUOP.
Terence hits you from afar with a +0 trident!
A frilled lizard comes into view.
Terence hits you with a +0 trident!
You hit Terence.
Terence is lightly wounded.
Terence drinks a potion.
Terence goes berserk!
You hit Terence but do no damage.
Terence is lightly wounded.
Terence hits you with a +0 trident! Terence closely misses you.
You hit Terence.
Terence is moderately wounded.
Terence hits you with a +0 trident. Terence hits you with a +0 trident!
* * * LOW HITPOINT WARNING * * *
Terence hits you from afar with a +0 trident!
* * * LOW HITPOINT WARNING * * *
Terence hits you from afar with a +0 trident!
You die...

##########
#.@......#
#.######.#
### ### #@#
#.# #.. ...
#l# #.#
#.#####
######.####
#.# #.#....
#...?.....#
#.####....#.
#.####.##.#
#.......#...
#.# #
#.####....#.
#.#
#.####..[...


You could see Terence (berserk) and a frilled lizard.

Vanquished Creatures
  Jessica (D:2)
  2 adders (D:2)
  2 dart slugs (D:1)
  4 bats (D:1)
  2 endoplasms (D:1)
  3 giant cockroaches
  2 goblins (D:2)
  5 hobgoblins
  2 jackals (D:1)
  2 kobolds (D:1)
  A quokka (D:2)
  3 ball pythons
  2 frilled lizards
31 creatures vanquished.

Notes
Turn   | Place    | Note
-------+----------+-------------------------------------------
     0 | D:1      | ChaosChampion the Ogre Warper began the quest for the Orb.
     0 | D:1      | Reached XP level 1. HP: 22/22 MP: 3/3
   249 | D:1      | Reached XP level 2. HP: 29/29 MP: 5/5
   742 | D:1      | Reached XP level 3. HP: 36/37 MP: 7/7
  1308 | D:2      | Found a glowing silver altar of Zin.
  1373 | D:2      | Noticed Jessica
  1402 | D:2      | Killed Jessica
  1403 | D:2      | Reached XP level 4. HP: 18/46 MP: 8/8
  1687 | D:2      | Learned a level 2 spell: Blink
  1990 | D:2      | Found a faded altar of an unknown god.
  2363 | D:2      | Found a runed translucent door.
  2364 | D:2      | Noticed Crazy Yiuf
  2398 | D:2      | Noticed Terence
  2410 | D:2      | Mangled by Terence

Illustrated notes

Levels and vault maps discovered:
D:1:      dpeg_chamrin_arrival_tetris, layout_basic
D:2:      layout_loops_ring, shapermc_ecumenical_altar_notcrosses, basic_altar,
          kennysheep_generic_room_5, uniq_terence, uniq_jessica,
          uniq_crazy_yiuf_cottage

Skill      XL: |  1  2  3 |
---------------+----------+-----
Fighting       | 3 |  3.7
Maces & Flails | 2 |  2.5
Translocations | 3 |  3.3
Spellcasting   | 3 |  3.2
Throwing       | |  1.0
Dodging        | |  2.1

Action                   |  1- 3 |  4- 6 || total
-------------------------+-------+-------++-------
Melee: Mace              |    91 |    32 ||   123
Throw: Boomerang         |     5 |       ||     5
Armor: Robe              |    43 |     9 ||    52
Dodge: Dodged            |    64 |    14 ||    78

Table legend: (Time is in decaauts)
 A = Elapsed time spent in this place.
 B = Non-inter-level travel time spent in this place.
 C = Inter-level travel time spent in this place.
 D = Time resting spent in this place.
 E = Time spent auto-exploring this place.
 F = Levels seen in this place.
 G = Mean time per level.
                   A        B        C        D        E       F      G
               +--------+--------+--------+--------+--------+-----+--------+
         Total |   2447 |   2417 |     30 |    215 |   1896 |   2 | 1223.5 |
       Dungeon |   2447 |   2417 |     30 |    215 |   1896 |   2 | 1223.5 |
               +--------+--------+--------+--------+--------+-----+--------+

Top non-repeatable levels by time:
     D:1: 1299 daAuts
     D:2: 1147 daAuts
